 Dungeon Crawl Stone Soup version 0.16-a0-4078-g0e80503 (webtiles) character file.

151 Chiseanne the Grave Robber (level 5, -6/35 HPs)
             Began as a Demonspawn Necromancer on Feb 22, 2015.
             Mangled by an ogre
             ... wielding a +0 giant club
              (26 damage)
             ... on level 4 of the Dungeon.
             The game lasted 00:05:31 (2528 turns).

Chiseanne the Grave Robber (Demonspawn Necromancer) Turns: 2528, Time: 00:05:31

Health: -6/35      AC:  2    Str:  8    XL:     5   Next: 10%
Magic:  3/11       EV: 12    Int: 18    God:
Gold:   104        SH:  0    Dex: 13    Spells: 2 memorised, 9 levels left

rFire  . . .     SeeInvis .     m - +0 mace
rCold  . . .     Clarity  .     a - +0 robe
rNeg   . . .     SustAb   .     (no shield)
rPois  .         Gourm    .     (no helmet)
rElec  .         Spirit   .     (no cloak)
rCorr  .         Warding  .     (no gloves)
rMut   .         Stasis   .     (no boots)
MR     .....                    (no amulet)
Stlth  +++.......               (no ring)
                                (no ring)

@: lethally poisoned (-6 -> -10), not resistant to hostile enchantments, fairly
stealthy
A: hooves 1, demonic guardian 1, nightstalker 1
a: no special abilities


You were on level 4 of the Dungeon.
You were not hungry.

You visited 1 branch of the dungeon, and saw 3 of its levels.

You collected 104 gold pieces.

Inventory:

Hand weapons
 m - a +0 mace (weapon)
Armour
 a - a +0 robe (worn)
Scrolls
 e - 3 scrolls of remove curse
 f - a scroll of immolation
 g - a scroll of enchant armour {unknown}
Potions
 c - a potion of ambrosia {unknown}
 d - a potion of mutation
 h - a potion of heal wounds {unknown}
 i - a potion of haste
 k - a potion of degeneration {unknown}
 l - a potion of might {unknown}
Books
 b - a book of Necromancy

   Spells                             Type                      Level
   a - Pain                           Necromancy                   1
   b - Animate Skeleton               Necromancy                   1
   c - Vampiric Draining              Necromancy                   3
   d - Regeneration                   Charms/Necromancy            3
   e - Animate Dead                   Necromancy                   4
   f - Control Undead                 Necromancy                   4


   Skills:
 - Level 1.7 Dodging
 - Level 1.7 Stealth
 * Level 3.6 Spellcasting
 * Level 5.9 Necromancy


You had 9 spell levels left.
You knew the following spells:

 Your Spells              Type           Power        Failure   Level  Hunger
a - Pain                  Necr           ###.         1%          1    None
b - Animate Skeleton      Necr           N/A          1%          1    None


Dungeon Overview and Level Annotations

Branches:
Dungeon (4/15)
 Temple: D:4-7

Altars:


Innate Abilities, Weirdness & Mutations

You have large cloven feet.
A weak demonic guardian rushes to your aid.
You are slightly more attuned to the shadows.


Message History

The worker ant convulses in agony!
The worker ant closely misses you. The worker ant bites you.
You are poisoned.
The worker ant poisons you!
Casting: Pain
Confirm with . or Enter, or press ? or * to list all spells.
Aiming: Pain
Press: ? - help, Shift-Dir - straight line, f/p - ogre
Aim: an ogre, wielding a giant club (heavily wounded, chance 83%)
The ogre convulses in agony!
You feel sick. The ogre misses you.
The worker ant bites you but does no damage.
Casting: Pain
Confirm with . or Enter, or press ? or * to list all spells.
Aiming: Pain
Press: ? - help, Shift-Dir - straight line, f/p - ogre
Aim: an ogre, wielding a giant club (severely wounded, chance 83%)
The ogre convulses in agony!
You feel sick. The worker ant closely misses you.
The ogre hits you with a giant club!!
Ouch! That really hurt!
You die...

### ....
#########......
#....@as.......
#.....O..#.....
#........# ##
#.(......####
#............
#.........#
#.........#
####'##...#
#.##...#


You could see an ogre, a worker ant and a giant cockroach.

Vanquished Creatures
  A scorpion (D:4)
  An iguana (D:4)
  2 giant geckos (D:1)
  2 ball pythons (D:1)
  A giant cockroach (D:4)
  11 goblins
  2 hobgoblins
  5 kobolds (D:1)
  5 bats (D:1)
  6 rats
36 creatures vanquished.

Vanquished Creatures (collateral kills)
  A scorpion (D:4)
  A giant gecko (D:1)
  A giant cockroach (D:1)
  2 giant newts (D:1)
  A goblin (D:1)
  A kobold (D:1)
7 creatures vanquished.

Vanquished Creatures (others)
  2 crimson imps (D:4)
  An ufetubus (D:4)
  A bat skeleton (D:1)
  A rat skeleton (D:1)
5 creatures vanquished.

Grand Total: 48 creatures vanquished

Notes
Turn   | Place    | Note
--------------------------------------------------------------
     0 | D:1      | Chiseanne, the Demonspawn Necromancer, began the quest for the Orb.
     0 | D:1      | Reached XP level 1. HP: 13/13 MP: 3/3
    81 | D:1      | Learned a level 1 spell: Animate Skeleton
   334 | D:1      | Gained mutation: A weak demonic guardian rushes to your aid. [demonic ancestry]
   334 | D:1      | Reached XP level 2. HP: 17/19 MP: 1/4
   488 | D:1      | Reached skill level 5 in Necromancy
  1500 | D:1      | Gained mutation: You have large cloven feet. [demonic ancestry]
  1500 | D:1      | Reached XP level 3. HP: 22/24 MP: 3/6
  2108 | D:2      | You fall through a shaft for 2 floors!
  2135 | D:4      | Noticed a scorpion
  2143 | D:4      | Killed a scorpion
  2143 | D:4      | Gained mutation: You are slightly more attuned to the shadows. [demonic ancestry]
  2143 | D:4      | Reached XP level 4. HP: 20/30 MP: 2/9
  2395 | D:4      | Noticed a scorpion
  2402 | D:4      | Killed a scorpion
  2402 | D:4      | Reached XP level 5. HP: 24/35 MP: 0/11
  2516 | D:4      | Noticed an ogre
  2528 | D:4      | Mangled by an ogre

Action                   |  1- 3 |  4- 6 || total
-------------------------+-------+-------++-------
Melee: Mace              |     3 |     1 ||     4
 Cast: Pain              |    55 |    25 ||    80
       Animate Skeleton  |    15 |       ||    15
  Use: Scroll            |     8 |       ||     8
  Eat: Chunk             |     3 |       ||     3
       Bread ration      |       |     1 ||     1
